[ AOE2 MATCH · #495962864 ]
UnrankedMalians vs Dravidians
Player's team · WIN
Rival team · LOSS
[ REPLAY ANALYSIS · EXTRACTED FROM THE RECORDED GAME ]
Feudal
10:26
Castle
22:36
Imperial
—
| APM avg | 59.5 |
| APM peak | 109 |
| eAPM avg | 22.7 |
| Villagers / military | 56 / 45 |
Focus
⚔️ 21.4% · 🌾 78.6%
Militia ×18 · Gbeto ×13 · Skirmisher ×13 · Monk ×1
Feudal
11:56
Castle
21:23
Imperial
—
| APM avg | 54.8 |
| APM peak | 149 |
| eAPM avg | 16.9 |
| Villagers / military | 37 / 43 |
Focus
⚔️ 38.5% · 🌾 61.5%
Militia ×18 · Archer ×11 · Armored Elephant ×7 · Elephant Archer ×4 · Scorpion ×3
Match map
Initial resources + every placement click. Lines = walls · curves = elevation contours. ◆ gold · ⬟ stone · ● berries · ✦ relic · ◌ wall gap
Your base· Open — 7t gap
stiks510's base· Open — 8t gap
Smoothed initial terrain · ◌ = detected wall gap · hover for details
Inputs per minute
— Koslow - - stiks510
Build order — Koslow
First 150 of 164 actions detected
| 0:20 | Build | Town Center |
| 1:23 | Create | Villager (Male) ×4 |
| 2:05 | Build | House |
| 2:48 | Create | Villager (Male) |
| 3:14 | Create | Villager (Male) |
| 3:15 | Create | Villager (Male) |
| 3:52 | Build | House |
| 4:00 | Create | Villager (Male) |
| 4:21 | Create | Villager (Male) |
| 4:21 | Create | Villager (Male) |
| 4:21 | Create | Villager (Male) |
| 4:36 | Create | Villager (Male) |
| 5:10 | Build | Mining Camp |
| 5:18 | Build | House |
| 5:23 | Create | Villager (Male) |
| 5:24 | Create | Villager (Male) |
| 5:45 | Build | Mill |
| 6:02 | Create | Villager (Male) |
| 6:02 | Create | Villager (Male) |
| 6:02 | Create | Villager (Male) |
| 7:08 | Build | Barracks |
| 7:15 | Create | Villager (Male) |
| 7:51 | Research | Loom |
| 8:08 | Research | Feudal Age |
| 8:31 | Create | Militia |
| 8:57 | Build | House |
| 9:03 | Build | House |
| 9:14 | Create | Militia |
| 9:24 | Create | Militia |
| 9:31 | Build | House |
| 9:36 | Build | House |
| 9:41 | Build | Palisade Wall |
| 9:46 | Create | Militia |
| 10:26 | Age | Feudal Age |
| 10:31 | Build | Blacksmith |
| 10:34 | Research | Man-at-Arms (upgrade) |
| 10:39 | Create | Villager (Male) |
| 10:40 | Create | Villager (Male) |
| 10:40 | Create | Villager (Male) |
| 10:49 | Build | Farm |
| 10:49 | Build | Farm |
| 10:49 | Build | Farm |
| 10:50 | Build | Farm |
| 11:14 | Build | Palisade Wall |
| 11:25 | Create | Villager (Male) |
| 11:25 | Create | Villager (Male) |
| 11:25 | Create | Villager (Male) |
| 12:01 | Build | Archery Range |
| 12:22 | Create | Villager (Male) |
| 12:45 | Create | Villager (Male) |
| 12:58 | Build | Farm |
| 12:59 | Build | Farm |
| 13:04 | Build | House |
| 13:35 | Create | Villager (Male) |
| 13:35 | Create | Villager (Male) |
| 13:42 | Build | Mill |
| 14:03 | Create | Villager (Male) |
| 14:03 | Create | Villager (Male) |
| 14:11 | Build | Market |
| 14:15 | Build | House |
| 14:40 | Create | Militia |
| 14:40 | Create | Militia |
| 14:44 | Create | Skirmisher |
| 14:45 | Create | Skirmisher |
| 14:48 | Create | Villager (Male) |
| 14:48 | Create | Villager (Male) |
| 15:19 | Create | Militia |
| 16:03 | Create | Militia |
| 16:21 | Create | Militia |
| 16:25 | Create | Skirmisher |
| 16:25 | Create | Skirmisher |
| 16:45 | Create | Villager (Male) |
| 16:45 | Create | Villager (Male) |
| 16:46 | Create | Villager (Male) |
| 16:50 | Build | Farm |
| 16:50 | Build | Farm |
| 16:50 | Build | Farm |
| 16:50 | Build | Farm |
| 17:02 | Build | House |
| 17:36 | Create | Militia |
| 17:36 | Create | Militia |
| 17:47 | Create | Villager (Male) |
| 17:47 | Create | Villager (Male) |
| 17:53 | Build | Lumber Camp |
| 18:35 | Research | Fletching |
| 18:43 | Create | Militia |
| 18:44 | Create | Militia |
| 18:54 | Build | Mill |
| 19:11 | Create | Skirmisher |
| 19:11 | Create | Skirmisher |
| 19:11 | Create | Skirmisher |
| 19:34 | Build | Mining Camp |
| 19:56 | Research | Castle Age |
| 20:08 | Create | Militia |
| 20:08 | Create | Militia |
| 20:13 | Create | Skirmisher |
| 20:59 | Create | Militia |
| 21:05 | Research | Forging |
| 21:07 | Research | Scale Mail Armor |
| 21:10 | Create | Militia |
| 21:15 | Create | Skirmisher |
| 21:15 | Create | Skirmisher |
| 21:23 | Create | Skirmisher |
| 21:23 | Create | Skirmisher |
| 21:24 | Create | Skirmisher |
| 21:50 | Create | Militia |
| 22:22 | Research | Padded Archer Armor |
| 22:36 | Age | Castle Age |
| 22:43 | Research | Elite Skirmisher (upgrade) |
| 23:19 | Research | Bodkin Arrow |
| 24:18 | Build | Castle |
| 24:32 | Research | Long Swordsman (upgrade) |
| 24:53 | Build | Farm |
| 24:53 | Build | Farm |
| 24:53 | Build | Farm |
| 24:53 | Build | Farm |
| 24:53 | Build | Farm |
| 25:01 | Create | Villager (Male) |
| 25:01 | Create | Villager (Male) |
| 25:15 | Build | Mining Camp |
| 25:42 | Research | Leather Archer Armor |
| 25:58 | Create | Villager (Male) |
| 25:59 | Create | Villager (Male) |
| 25:59 | Create | Villager (Male) |
| 25:59 | Create | Villager (Male) |
| 26:31 | Create | Villager (Male) |
| 26:31 | Create | Villager (Male) |
| 26:53 | Research | Stone Mining |
| 27:16 | Create | Villager (Male) |
| 28:04 | Create | Gbeto |
| 28:04 | Create | Gbeto |
| 29:26 | Build | Castle |
| 29:35 | Create | Villager (Male) |
| 29:36 | Create | Villager (Male) |
| 29:36 | Create | Villager (Male) |
| 29:36 | Create | Villager (Male) |
| 29:41 | Build | Farm |
| 29:41 | Build | Farm |
| 29:41 | Build | Farm |
| 29:41 | Build | Farm |
| 29:42 | Build | Farm |
| 29:42 | Build | Farm |
| 30:25 | Research | Double-Bit Axe |
| 30:44 | Create | Gbeto |
| 30:45 | Create | Gbeto |
| 30:54 | Build | Monastery |
| 31:29 | Create | Villager (Male) |
| 31:29 | Create | Villager (Male) |
| 31:29 | Create | Villager (Male) |
| 31:29 | Create | Villager (Male) |
Build order — stiks510
147 actions detected in the replay
| 0:57 | Build | Town Center |
| 2:13 | Create | Villager (Male) |
| 2:13 | Create | Villager (Male) |
| 2:25 | Create | Villager (Male) |
| 2:31 | Create | Villager (Male) |
| 2:55 | Build | Barracks |
| 3:05 | Create | Villager (Male) |
| 3:57 | Create | Villager (Male) |
| 4:09 | Create | Villager (Male) |
| 4:22 | Create | Militia |
| 4:39 | Create | Militia |
| 4:48 | Create | Villager (Male) |
| 5:21 | Create | Villager (Male) |
| 5:43 | Create | Villager (Male) |
| 5:55 | Build | Mill |
| 6:02 | Create | Villager (Male) |
| 6:14 | Build | House |
| 6:29 | Create | Militia |
| 6:34 | Build | House |
| 6:43 | Create | Villager (Male) |
| 7:02 | Create | Militia |
| 7:25 | Create | Villager (Male) |
| 7:41 | Build | Mining Camp |
| 7:51 | Create | Villager (Male) |
| 8:22 | Create | Villager (Male) |
| 8:56 | Create | Villager (Male) |
| 9:02 | Research | Loom |
| 9:37 | Research | Feudal Age |
| 10:06 | Create | Militia |
| 10:50 | Build | House |
| 11:12 | Create | Villager (Male) |
| 11:56 | Age | Feudal Age |
| 11:59 | Build | Archery Range |
| 12:11 | Create | Villager (Male) |
| 12:26 | Build | Blacksmith |
| 12:34 | Create | Archer |
| 12:46 | Create | Archer |
| 12:54 | Research | Man-at-Arms (upgrade) |
| 12:56 | Research | Fletching |
| 13:00 | Create | Archer |
| 13:04 | Create | Villager (Male) |
| 13:05 | Create | Villager (Male) |
| 13:38 | Create | Archer |
| 13:50 | Create | Archer |
| 13:50 | Create | Villager (Male) |
| 13:58 | Build | Lumber Camp |
| 14:18 | Create | Archer |
| 14:33 | Create | Villager (Male) |
| 14:39 | Build | House |
| 14:46 | Create | Villager (Male) |
| 14:50 | Build | Farm |
| 14:50 | Build | Farm |
| 14:51 | Build | Farm |
| 14:51 | Build | Farm |
| 14:51 | Build | Farm |
| 14:51 | Build | Farm |
| 14:58 | Create | Villager (Male) |
| 15:03 | Create | Archer |
| 16:19 | Create | Villager (Male) |
| 16:21 | Build | Farm |
| 16:40 | Create | Militia |
| 16:55 | Build | House |
| 17:33 | Create | Militia |
| 17:48 | Build | Farm |
| 17:48 | Build | Farm |
| 18:41 | Create | Villager (Male) |
| 18:43 | Research | Castle Age |
| 19:26 | Create | Militia |
| 19:27 | Create | Militia |
| 19:31 | Build | Mining Camp |
| 19:32 | Create | Archer |
| 19:32 | Create | Archer |
| 19:32 | Create | Archer |
| 19:51 | Build | Farm |
| 19:54 | Research | Double-Bit Axe |
| 20:02 | Build | Stable |
| 20:05 | Create | Militia |
| 20:17 | Create | Archer |
| 20:41 | Build | Archery Range |
| 21:01 | Create | Militia |
| 21:06 | Build | House |
| 21:23 | Age | Castle Age |
| 21:32 | Build | Town Center |
| 21:35 | Research | Crossbowman (upgrade) |
| 21:44 | Research | Long Swordsman (upgrade) |
| 21:50 | Create | Villager (Male) |
| 22:25 | Create | Militia |
| 22:34 | Create | Elephant Archer |
| 22:34 | Create | Elephant Archer |
| 23:14 | Create | Militia |
| 23:14 | Create | Militia |
| 23:22 | Build | Farm |
| 23:22 | Build | Farm |
| 23:23 | Build | Farm |
| 23:23 | Build | Farm |
| 23:23 | Build | Farm |
| 23:24 | Build | Farm |
| 23:24 | Build | Farm |
| 23:24 | Build | Farm |
| 23:30 | Create | Elephant Archer |
| 23:31 | Create | Elephant Archer |
| 23:35 | Create | Villager (Male) |
| 23:47 | Create | Militia |
| 23:52 | Create | Militia |
| 24:02 | Create | Villager (Male) |
| 24:03 | Build | Farm |
| 24:14 | Research | Horse Collar |
| 24:17 | Create | Militia |
| 24:54 | Create | Villager (Male) |
| 24:55 | Create | Villager (Male) |
| 25:58 | Research | Scale Mail Armor |
| 26:00 | Build | Barracks |
| 26:08 | Create | Villager (Male) |
| 26:30 | Build | Siege Workshop |
| 26:39 | Create | Militia |
| 26:49 | Create | Villager (Male) |
| 26:49 | Create | Villager (Male) |
| 27:13 | Create | Scorpion |
| 27:24 | Create | Villager (Male) |
| 27:25 | Create | Villager (Male) |
| 27:27 | Create | Villager (Male) |
| 27:53 | Build | House |
| 27:57 | Build | Mining Camp |
| 28:07 | Create | Scorpion |
| 28:43 | Build | House |
| 28:44 | Build | House |
| 29:35 | Build | Siege Workshop |
| 29:44 | Create | Armored Elephant |
| 30:08 | Create | Armored Elephant |
| 30:32 | Build | Lumber Camp |
| 30:42 | Create | Armored Elephant |
| 30:49 | Create | Armored Elephant |
| 31:05 | Build | House |
| 31:07 | Create | Armored Elephant |
| 31:19 | Create | Armored Elephant |
| 31:20 | Create | Armored Elephant |
| 31:38 | Build | Mill |
| 31:55 | Build | Market |
| 32:03 | Build | Mill |
| 32:04 | Build | Farm |
| 32:04 | Build | Farm |
| 32:04 | Build | Farm |
| 32:04 | Build | Farm |
| 32:05 | Build | Farm |
| 32:05 | Build | Farm |
| 32:05 | Build | Farm |
| 32:16 | Create | Scorpion |
Match timeline
| 2:55 | stiks510 · first_building Barracks |
| 7:08 | Koslow · first_building Barracks |
| 9:41 | Koslow · wall_segment Palisade Wall x5 |
| 10:26 | Koslow · age_up feudal |
| 11:14 | Koslow · wall_segment Palisade Wall x1 |
| 11:56 | stiks510 · age_up feudal |
| 11:59 | stiks510 · first_building Archery Range |
| 12:01 | Koslow · first_building Archery Range |
| 19:54 | Koslow · first_market_buy 100 food |
| 20:02 | stiks510 · first_building Stable |
| 21:23 | stiks510 · age_up castle |
| 22:36 | Koslow · age_up castle |
| 24:18 | Koslow · first_building Castle |
| 26:30 | stiks510 · first_building Siege Workshop |
| 30:54 | Koslow · first_building Monastery |
| 33:23 | stiks510 · resign |
[ AI ANALYSIS · 1 CREDIT ]
What really happened in this match?
Wolo.gg analyzes every decision: build order, eco, micro, common mistakes by bracket. Personalized analysis on WhatsApp or Discord in 30 seconds.
Civ guide
Malians
Perfil
Koslow